 Dungeon Crawl Stone Soup version 0.26.1-11-gd32895ea62 (webtiles) character file.

Game seed: 2261250796984294904

2285 Zeld the Changer (level 9, 0/60 HPs)
             Began as an Octopode Transmuter on May 28, 2021.
             Was an Initiate of Gozag.
             Slain by an adder (5 damage)
             ... on level 6 of the Dungeon.
             The game lasted 00:09:41 (9579 turns).

Zeld the Changer (Octopode Transmuter)              Turns: 9579, Time: 00:09:41

Health: 0/60       AC:  1    Str: 10    XL:     9   Next: 39%
Magic:  13/19      EV: 16    Int: 15    God:    Gozag
Gold:   253        SH:  0    Dex: 13    Spells: 6/21 levels left

rFire    . . .     SeeInvis .     - Unarmed
rCold    . . .     Faith    .   (shield currently unavailable)
rNeg     . . .     Spirit   .   (helmet restricted)
rPois    .         Reflect  .   (no amulet)
rElec    .         Harm     .   c - ring of flight
rCorr    .         Rampage  .   (no ring)
Will     .....                  (no ring)
Stlth    ++........             (no ring)
HPRegen  0.60/turn              (no ring)
MPRegen  0.16/turn              (no ring)
                                (no ring)
                                (no ring)

@: blade tentacles, gold aura
A: almost no armour, stealthy swim, amphibious, 8 rings, constrict 8, camouflage
1, regeneration 1, weak 1, gelatinous body 1
a: End Transformation, Renounce Religion, Evoke Flight, Potion Petition, Call
Merchant, Bribe Branch


You were on level 6 of the Dungeon.
You worshipped Gozag.
Gozag was aware of your devotion.
You had blades for tentacles.
You visited 2 branches of the dungeon, and saw 7 of its levels.

You collected 999 gold pieces.
You paid 746 gold pieces to Gozag.

Inventory:

Jewellery
 c - a ring of flight (left scythe-like blade)
Wands
 e - a wand of random effects (15)
 u - a wand of digging (6)
Scrolls
 b - 3 scrolls of remove curse
 d - a scroll of identify
 g - a scroll of enchant armour
 h - a scroll of blinking
 k - 2 scrolls of fear
 m - 3 scrolls of teleportation
 n - 4 scrolls of magic mapping
 o - a scroll of enchant weapon {unknown}
 q - a scroll of amnesia {unknown}
 r - a scroll of fog {unknown}
 t - a scroll of immolation {unknown}
Potions
 a - 2 potions of resistance {unknown}
 i - a potion of degeneration {unknown}
 j - 2 potions of heal wounds {unknown}
 p - 3 potions of flight
 s - 3 potions of lignification {unknown}
 v - 4 potions of brilliance
 w - 2 potions of ambrosia
 x - a potion of invisibility {unknown}
 z - 5 potions of curing {unknown}
 A - a potion of might {unknown}


   Skills:
 + Level 4.9 Fighting
 + Level 5.3 Dodging
 - Level 3.0 Unarmed Combat
 * Level 6.8 Spellcasting
 * Level 7.3 Transmutations


You had 6 spell levels left.
You knew the following spells:

 Your Spells              Type           Power        Failure   Level
a - Beastly Appendage     Tmut           54%          13%         1
b - Wereblood             Tmut           27%          16%         2
c - Spider Form           Tmut/Pois      8%           43%         3
d - Ice Form              Ice/Tmut       16%          73%         4
e - Blade Hands           Tmut           13%          61%         5

Your spell library contained the following spells:

 Spells                   Type           Power        Failure   Level
 Magic Dart               Conj           20%          54%         1
 Searing Ray              Conj           10%          63%         2
 Dazzling Flash           Conj/Hex       10%          80%         3
 Fulminant Prism          Conj/Hex       2%           98%         4
 Iskenderun's Mystic Bla  Conj/Tloc      5%           98%         4


Dungeon Overview and Level Annotations

Branches:
Dungeon (6/15)             Temple (1/1) D:4

Altars:
Ashenzari
Cheibriados
Elyvilon
Fedhas
Gozag
Hepliaklqana
Kikubaaqudgha
Makhleb
Nemelex Xobeh
Qazlal
Ru
Sif Muna
Trog
Uskayaw
Vehumet
Wu Jian
Xom
Yredelemnul
Zin
The Shining One

Shops:
D:6 :


Innate Abilities, Weirdness & Mutations

You cannot wear most types of armour.
You are very stealthy in the water. (Stealth+)
You are amphibious.
You can wear up to eight rings at the same time.
You can use your tentacles to constrict eight enemies at once.
Your skin changes colour to match your surroundings (Stealth+).
Your rubbery body absorbs attacks. (AC +1, EV +1)
Your natural rate of healing is unusually fast.
You are weak. (Str -2)


Message History

Zeld's ghost hits you!
Your magical contamination has completely faded away.
You are too injured to fight recklessly!
You are too injured to fight recklessly!
You are too injured to fight recklessly!
Unknown command.
You are too injured to fight recklessly!
You slash Zeld's ghost!
You squeeze Zeld's ghost, but do no damage.
Zeld's ghost is severely damaged.
Zeld's ghost hits you!
You slash Zeld's ghost!
Zeld's ghost is almost destroyed.
Zeld's ghost hits you!
* * * LOW HITPOINT WARNING * * *
You hit Zeld's ghost.
You destroy Zeld's ghost!
The adder bites you.
You die...
Your body crumbles into a pile of gold.

#...# ####.#### ##...#.. ##.##
#.# ##.#### #.# #.# #.# #.# #.##
#.# #.# #..# ##'## ##.## #####.#
##...## ###..>#### #..##.#
##.....## #...#....#
#.#########.......#
##.....##.#####.@S≈≈≈(≈#.........
∩...............########.........
##.....##.#####........#.........
#.#.####.# #..#..##.##.......#
#.#.# #.# #.###.##.###.....##
#.#.####.# #.###.##.# ##...##
#........# #.....##.# ##'####
###.###### #.######.# #..... #.#
#.######.# #.####


You could see an adder.

Vanquished Creatures
  The ghost of Zeld the Cleaver, a novice MiBe of Trog (D:6)
  Grinder (D:3)
  Sigmund (D:3)
  Eustachio (D:5)
  The ghost of shayl the Covered, an amateur HOFi (D:4)
  An orc warrior (D:6)
  A sky beast (D:6)
  2 ice beasts
  A phantom (D:6)
  2 centaurs (D:6)
  3 bullfrogs
  2 scorpions
  A howler monkey (D:6)
  A jelly (D:4)
  A centaur skeleton (D:4)
  2 hounds (D:5)
  Crazy Yiuf (D:2)
  3 bullfrog skeletons
  Jessica (D:2)
  Ijyb (D:5)
  2 orc wizards
  3 worker ants
  A hound zombie (D:5)
  4 gnolls (D:4)
  10 adders
  A shadow imp (D:5)
  An ooze (D:2)
  A worm (D:3)
  5 dart slugs
  7 leopard geckos
  18 orcs
  2 ball pythons (D:2)
  3 giant cockroaches
  12 goblins
  6 hobgoblins
  10 jackals
  6 kobolds
  A ball python skeleton (D:6)
  6 bats
  6 frilled lizards
  A jackal skeleton (D:4)
  8 rats
142 creatures vanquished.

Notes
Turn   | Place    | Note
-------+----------+-------------------------------------------
     0 | D:1      | Zeld the Octopode Transmuter began the quest for the Orb.
     0 | D:1      | Reached XP level 1. HP: 13/13 MP: 3/3
   217 | D:1      | Reached XP level 2. HP: 14/18 MP: 3/5
   220 | D:1      | Learned a level 2 spell: Wereblood
   576 | D:2      | Reached XP level 3. HP: 20/23 MP: 6/6
   585 | D:2      | Learned a level 3 spell: Spider Form
  1146 | D:3      | Noticed Sigmund
  1160 | D:2      | Reached XP level 4. HP: 6/28 MP: 5/8
  1544 | D:3      | Killed Sigmund
  1545 | D:3      | Reached skill level 3 in Transmutations
  1545 | D:3      | Reached XP level 5. HP: 21/35 MP: 6/10
  1552 | D:3      | Learned a level 4 spell: Ice Form
  1826 | D:4      | Reached XP level 6. HP: 36/40 MP: 11/11
  1858 | D:4      | Found a staircase to the Ecumenical Temple.
  1879 | Temple   | Entered the Ecumenical Temple
  1979 | Temple   | Became a worshipper of Gozag Ym Sagoz the Greedy
  3219 | D:2      | Reached skill level 4 in Transmutations
  3375 | D:2      | Noticed Jessica
  3382 | D:2      | Killed Jessica
  4000 | D:2      | Found a runed translucent door.
  4001 | D:2      | Noticed Crazy Yiuf
  4154 | D:2      | Killed Crazy Yiuf
  4678 | D:3      | Noticed Grinder
  4681 | D:3      | Paralysed by Grinder for 5 turns
  4698 | D:3      | Paralysed by Grinder for 4 turns
  4933 | D:3      | Killed Grinder
  4934 | D:3      | Reached XP level 7. HP: 34/46 MP: 9/13
  5068 | D:3      | Learned a level 5 spell: Blade Hands
  5347 | D:4      | Reached skill level 5 in Transmutations
  5634 | D:4      | Found a runed translucent door.
  5635 | D:4      | Noticed shayl's ghost (amateur HOFi)
  6020 | D:4      | Killed shayl's ghost
  6021 | D:4      | Reached skill level 5 in Spellcasting
  6021 | D:4      | Reached XP level 8. HP: 6/53 MP: 8/15
  6353 | D:5      | Entered Level 5 of the Dungeon
  6695 | D:5      | Identified the +1 leather armour of an ice cave {Rampage
                  | rF+}
  6717 | D:5      | HP: 3/64 [worker ant (5)]
  6722 | D:5      | HP: 1/64 [poisoned by a worker ant]
  6723 | D:5      | Gained mutation: You are weak. (Str -2) [potion of
                  | mutation]
  6723 | D:5      | Gained mutation: Your natural rate of healing is unusually
                  | fast. [potion of mutation]
  7026 | D:5      | Found a glowing golden altar of the Shining One.
  7027 | D:5      | Found a basalt altar of Yredelemnul.
  7027 | D:5      | Found a hazy altar of Hepliaklqana.
  7029 | D:5      | Noticed Eustachio
  7030 | D:5      | Found a bloodstained altar of Trog.
  7049 | D:5      | Killed Eustachio
  7050 | D:5      | Reached skill level 6 in Transmutations
  7182 | D:5      | Found a broken altar of Ashenzari.
  7298 | D:5      | Noticed Ijyb
  7307 | D:5      | Killed Ijyb
  7847 | D:6      | Found a runed translucent door.
  7929 | D:6      | Reached XP level 9. HP: 34/59 MP: 18/18
  8639 | D:6      | Reached skill level 5 in Dodging
  8762 | D:6      | Reached skill level 7 in Transmutations
  9163 | D:6      | Noticed Zeld's ghost (novice MiBe)
  9579 | D:6      | Killed Zeld's ghost
  9579 | D:6      | Slain by an adder

Illustrated notes

Levels and vault maps discovered:
D:1:      amcnicky_arrival_gap_in_the_tavern_cellar, layout_loops_corners,
          hangedman_feature_mirror, st_stairs_1
D:2:      layout_basic, uniq_crazy_yiuf_cottage, uniq_jessica
D:3:      layout_rooms, uniq_sigmund, uniq_grinder
D:4:      layout_cave_pools, minmay_temple_entry_glass, ebering_ghost_sewer_d,
          grunt_ministairs_14
D:5:      layout_loops_ring, grunt_temple_overflow_open,
          cheibrodos_ashenzari_chains, uniq_ijyb, uniq_eustachio
D:6:      layout_loops_corners, ebering_ghost_sewer_d, st_stairs_9
Temple:   regret_index_temple_sphere_string

Skill      XL: |  1  2  3  4  5  6  7  8  9 |
---------------+----------------------------+-----
Fighting       | 2 3 4 |  4.9
Dodging        | 3 4 5 |  5.3
Spellcasting   | 3 4 5 6 |  6.8
Transmutations | 3 4 5 6 7 |  7.3
Unarmed Combat | |  3.0

Action                   |  1- 3 |  4- 6 |  7- 9 || total
-------------------------+-------+-------+-------++-------
Melee: Unarmed           |    54 |   133 |   184 ||   371
       Constrict         |    14 |    38 |    31 ||    83
       Kick              |     7 |    18 |     8 ||    33
       Tentacles         |     8 |    21 |    36 ||    65
       Punch             |       |     2 |     3 ||     5
 Cast: Beastly Appendage |     9 |    37 |     2 ||    48
       Spider Form       |     2 |     3 |     1 ||     6
       Ice Form          |       |     1 |     1 ||     2
       Blade Hands       |       |       |    23 ||    23
       Wereblood         |       |       |     1 ||     1
Invok: Call Merchant     |       |       |     1 ||     1
  Use: Scroll            |       |       |     8 ||     8
       Potion            |       |       |     4 ||     4
 Stab: Sleeping          |     4 |       |       ||     4
Armor: Skin              |     4 |    11 |     7 ||    22
Dodge: Dodged            |    56 |   113 |   123 ||   292
